[Event "*** SCC Grand Prix: Titled Tuesday Blitz"]
[Site "Chess.com"]
[Date "2020.06.23"]
[Round "2"]
[White "Ovsiannikov_Maxim"]
[Black "otrov-11"]
[Result "0-1"]
[WhiteElo "2118"]
[BlackElo "2403"]
[TimeControl "180+1"]
[EndTime "10:15:42 PDT"]
[Termination "otrov-11 won by checkmate"]

1. d4 Nf6 2. Bg5 d5 3. Bxf6 exf6 4. Nf3 f5 5. e3 Nd7 6. Nc3 Nf6 7. g3 c6 8. Bg2 Bd6 9. O-O O-O 10. Ne5 Ne4 11.
Nxe4 fxe4 12. f3 exf3 13. Nxf3 Re8 14. Qd3 a5 15. Rae1 b6 16. Rf2 Ba6 17. Qd2 f6 18. c3 Qc7 19. Nh4 Bf8 20. e4 dxe4 21. Rxe4 Rxe4 22.
Bxe4 Rd8 23. Qc2 g5 24. Nf5 c5 25. Rd2 cxd4 26. Nxd4 Bc5 27. Kg2 Bb7 28. Bxb7 Qxb7+ 29. Kh3 Qc8+ 30. g4 Bxd4 31. Rxd4 Rxd4 32. Qb3+ Rc4 33. Qxb6 Qxg4# 0-1

[Event "*** SCC Grand Prix: Titled Tuesday Blitz"]
[Site "Chess.com"]
[Date "2020.06.23"]
[Round "2"]
[White "davigator"]
[Black "Iball95"]
[Result "0-1"]
[WhiteElo "2313"]
[BlackElo "2566"]
[TimeControl "180+1"]
[EndTime "10:15:45 PDT"]
[Termination "Iball95 won by resignation"]

1. e4 Nc6 2. Bb5 g6 3. Nf3 Bg7 4. O-O Nf6 5. Re1 O-O 6. c3 a6 7.
Ba4 b5 8. Bc2 d6 9. h3 e5 10. d4 Bb7 11. Nbd2 Re8 12. b3 exd4 13. cxd4 Nb4 14. Bb1 c5 15. Bb2 Rc8 16. a3 Nc6 17. d5 Ne7 18. Ra2 c4 19. bxc4 bxc4 20. Bd4 Qa5 21. Bc2 Nh5 22. Bxg7 Kxg7 23. g3 Ba8 24.
Re3 Qc5 25. Kg2 Rb8 26. Ba4 Rec8 27. Qc2 c3 28. Rxc3 Qxc3 0-1

[Event "*** SCC Grand Prix: Titled Tuesday Blitz"]
[Site "Chess.com"]
[Date "2020.06.23"]
[Round "2"]
[White "nitpicker"]
[Black "GuerrieroFromLevant"]
[Result "0-1"]
[WhiteElo "2176"]
[BlackElo "2417"]
[TimeControl "180+1"]
[EndTime "10:15:50 PDT"]
[Termination "GuerrieroFromLevant won on time"]

1. d4 d5 2. c4 e6 3. Nf3 c5 4.
cxd5 exd5 5. g3 Nf6 6. Bg2 Nc6 7. O-O Be7 8. Nc3 O-O 9. dxc5 Bxc5 10. Bg5 d4 11.
Bxf6 Qxf6 12. Nd5 Qd8 13. Nd2 Re8 14. Ne4 Bb6 15. Nxb6 Qxb6 16. Nd6 Rd8 17. Nc4 Qa6 18. b3 Be6 19. Nd2 d3 20. exd3 Rxd3 21. Qe2 Nd4 22. Qd1 Rd8 0-1

[Event "*** SCC Grand Prix: Titled Tuesday Blitz"]
[Site "Chess.com"]
[Date "2020.06.23"]
[Round "2"]
[White "kikydu96"]
[Black "deribas12345"]
[Result "0-1"]
[WhiteElo "2313"]
[BlackElo "2558"]
[TimeControl "180+1"]
[EndTime "10:15:51 PDT"]
[Termination "deribas12345 won by resignation"]

1. e4 c5 2. Nf3 d6 3. d4 cxd4 4. Nxd4 Nf6 5. Nc3 a6 6. a3 e5 7. Nf5 Bxf5 8. exf5 d5 9. Bg5 d4 10. Ne4 Be7 11. Bxf6 Bxf6 12. Bd3 Nc6 13. O-O O-O 14. Qf3 h6 15. g4 Bg5 16. Kg2 Bf4 17. f6 Rc8 18. fxg7 Kxg7 19. Ng3 Ne7 20. Nh5+ Kh8 21.
Nxf4 exf4 22. Qxf4 Rc6 23. Rae1 Ng6 24. Qxh6+ Kg8 25.
Qg5 Qxg5 0-1

[Event "*** SCC Grand Prix: Titled Tuesday Blitz"]
[Site "Chess.com"]
[Date "2020.06.23"]
[Round "2"]
[White "Sven_Tica"]
[Black "warmoatmeal"]
[Result "1-0"]
[WhiteElo "2647"]
[BlackElo "2316"]
[TimeControl "180+1"]
[EndTime "10:15:54 PDT"]
[Termination "Sven_Tica won by resignation"]

1. d4 Nf6 2. Nf3 d5 3. c4 e6 4. g3 Bb4+ 5. Bd2 Bd6 6. Nc3 c6 7. Bg2 Ne4 8. Nxe4 dxe4 9. Ng5 f5 10. O-O h6 11. Nh3 O-O 12. f3 exf3 13. Bxf3 Bc7 14. Bc3 Nd7 15. e4 fxe4 16. Bxe4 Nf6 17. Bg2 e5 18.
dxe5 Ng4 19. Rxf8+ Qxf8 20. Qe2 Qc5+ 21. Kh1 Nxe5 22.
Re1 Bxh3 23. Bxh3 Nf7 24. Be6 Rf8 25. Rf1 Qe7 26. Qg4 Qg5 27. Bxf7+ Rxf7 28. Qc8+ Kh7 29. Rxf7 Qc1+ 30. Kg2 Qc2+ 31. Kh3 1-0

[Event "*** SCC Grand Prix: Titled Tuesday Blitz"]
[Site "Chess.com"]
[Date "2020.06.23"]
[Round "2"]
[White "gmcorrales"]
[Black "K-Nygren"]
[Result "1-0"]
[WhiteElo "2815"]
[BlackElo "2537"]
[TimeControl "180+1"]
[EndTime "10:15:55 PDT"]
[Termination "gmcorrales won by resignation"]

1. e4 c5 2. Nf3 Nc6 3. d4 cxd4 4. Nxd4 Nf6 5. Nc3 e5 6. Ndb5 d6 7. Bg5 a6 8. Na3 b5 9. Bxf6 gxf6 10. Nd5 Bg7 11.
Bd3 Ne7 12. Nxe7 Qxe7 13. O-O Bb7 14. c4 O-O 15. Qf3 bxc4 16. Nxc4 Kh8 17. Ne3 Rg8 18. Rad1 Bh6 19. Nf5 Qf8 20. Bc4 Rd8 21. Rd3 Rg5 22.
Rfd1 Bc8 23. Nxd6 Rxd6 24. Rxd6 Bg4 25. Qxf6+ Kg8 26. Rd8 1-0

[Event "*** SCC Grand Prix: Titled Tuesday Blitz"]
[Site "Chess.com"]
[Date "2020.06.23"]
[Round "2"]
[White "Agent-JL"]
[Black "enzovsky"]
[Result "0-1"]
[WhiteElo "2473"]
[BlackElo "2318"]
[TimeControl "180+1"]
[EndTime "10:15:59 PDT"]
[Termination "enzovsky won by resignation"]

1. d4 Nf6 2. c4 g6 3. Nc3 d5 4.
cxd5 Nxd5 5. e4 Nxc3 6. bxc3 Bg7 7. Be3 c5 8. Qd2 Qa5 9. Rb1 O-O 10. Rb5 Qa4 11.
Rxc5 b6 12. Rc7 Na6 13. Rc4 Qa3 14. Qc2 Bd7 15. Bc1 Qd6 16. a4 b5 17. e5 Qb6 18.
axb5 Bxb5 19. Ra4 Bxa4 20. Qxa4 Qb1 21. Kd1 Nc7 22. Qc2 Qb7 23. Bd3 Qxg2 24. Be4 Qf1+ 25. Kd2 Bh6+ 0-1

[Event "*** SCC Grand Prix: Titled Tuesday Blitz"]
[Site "Chess.com"]
[Date "2020.06.23"]
[Round "2"]
[White "Chigorinetz"]
[Black "dosto07"]
[Result "1-0"]
[WhiteElo "2516"]
[BlackElo "2170"]
[TimeControl "180+1"]
[EndTime "10:16:06 PDT"]
[Termination "Chigorinetz won by resignation"]

1. e4 e5 2. Bc4 Nf6 3. d3 Nc6 4. Nc3 Bc5 5. f4 d6 6. Nf3 exf4 7. Bxf4 Nd4 8. Bg5 h6 9. Bh4 c6 10. Nxd4 Bxd4 11. Ne2 Bxb2 12. Rb1 Ba3 13. O-O g5 14. Bg3 d5 15. exd5 cxd5 16. Bb5+ Bd7 17. Be5 Ng4 18. Bxh8 Bxb5 19. Rxb5 Qd6 20. Ng3 O-O-O 21. Qxg4+ Kb8 1-0

[Event "*** SCC Grand Prix: Titled Tuesday Blitz"]
[Site "Chess.com"]
[Date "2020.06.23"]
[Round "2"]
[White "Godzillator"]
[Black "KejJaj"]
[Result "1-0"]
[WhiteElo "2373"]
[BlackElo "1996"]
[TimeControl "180+1"]
[EndTime "10:16:06 PDT"]
[Termination "Godzillator won by resignation"]

1. d4 f5 2. c4 Nf6 3. Nc3 e6 4. g3 d5 5. Bg2 c6 6. b3 Bd6 7.
Nf3 Qe7 8. Qc2 Ne4 9. Bb2 Nd7 10.
e3 O-O 11. O-O Ndf6 12. Ne2 g5 13. Ne1 Ng4 14. Qc1 Nexf2 15. Rxf2 Nxf2 16. Kxf2 f4 17. gxf4 gxf4 18. e4 Qh4+ 19. Kg1 f3 20. Nxf3 Rxf3 21.
Bxf3 Bxh2+ 22. Kg2 e5 23. Qh1 Qh3+ 24. Kf2 Bd7 25.
Qg2+ Qxg2+ 26. Kxg2 Bf4 27. Nxf4 exf4 28. exd5 Re8 29. dxc6 Bxc6 30. Bxc6 bxc6 31. Kf3 1-0

[Event "*** SCC Grand Prix: Titled Tuesday Blitz"]
[Site "Chess.com"]
[Date "2020.06.23"]
[Round "2"]
[White "dennisodessa"]
[Black "adriangschnitzer"]
[Result "0-1"]
[WhiteElo "2247"]
[BlackElo "2455"]
[TimeControl "180+1"]
[EndTime "10:16:08 PDT"]
[Termination "adriangschnitzer won by resignation"]

1. d4 Nf6 2. c4 c5 3. d5 b5 4.
cxb5 a6 5. bxa6 g6 6. Nc3 Bg7 7. e4 O-O 8. Nf3 Qa5 9. Bd2 Bxa6 10. Be2 Qb4 11. Qc2 Bxe2 12. Kxe2 Qc4+ 13. Qd3 Qxd3+ 14. Kxd3 Na6 15. Rhc1 Rfb8 16. b3 Nb4+ 17. Ke3 Ra3 18. h3 d6 19. g4 Rba8 20. Na4 R8xa4 0-1

[Event "*** SCC Grand Prix: Titled Tuesday Blitz"]
[Site "Chess.com"]
[Date "2020.06.23"]
[Round "2"]
[White "Pedrada88"]
[Black "MoreChessJulia"]
[Result "1-0"]
[WhiteElo "2354"]
[BlackElo "1760"]
[TimeControl "180+1"]
[EndTime "10:16:10 PDT"]
[Termination "Pedrada88 won by checkmate"]

1. Nf3 g6 2. d4 Bg7 3. g3 c5 4.
c3 Qc7 5. Bg2 d6 6. O-O Bg4 7. Na3 a6 8. h3 Bxf3 9. Bxf3 cxd4 10.
cxd4 Nc6 11. e3 e5 12. dxe5 dxe5 13. Nc4 Rd8 14. Qb3 Nge7 15. a4 O-O 16. Kg2 Kh8 17.
a5 f6 18. Bd2 f5 19. Rfd1 e4 20. Be2 g5 21. Bc3 Ng6 22. Rxd8 Rxd8 23. Rd1 f4 24. Rxd8+ Nxd8 25. Bg4 Nf7 26. Bxg7+ Kxg7 27. Qc3+ Kh6 28. b3 Nfe5 29. Qd4 f3+ 30. Kh2 Nxg4+ 31. hxg4 Qc6 32.
Nd6 Qc2 33. Nf5# 1-0

[Event "*** SCC Grand Prix: Titled Tuesday Blitz"]
[Site "Chess.com"]
[Date "2020.06.23"]
[Round "2"]
[White "Kumi29"]
[Black "AlanTate"]
[Result "0-1"]
[WhiteElo "2404"]
[BlackElo "2391"]
[TimeControl "180+1"]
[EndTime "10:16:12 PDT"]
[Termination "AlanTate won by resignation"]

1. e4 g6 2. h4 d5 3. e5 h5 4.
d4 Nh6 5. Be3 Bf5 6. Bd3 Bxd3 7.
Qxd3 Qd7 8. Nf3 e6 9. c4 dxc4 10.
Qxc4 Nc6 11. Nc3 Nb4 12. Ne4 Nd5 13. Nfg5 Be7 14. O-O Nf5 15. Qd3 Nxh4 16. Nc5 Bxc5 17. dxc5 Qc6 18. b4 Nxe3 19. f3 Nxf1 20. Kxf1 Rd8 21. Qc4 Nf5 22. Ne4 Ne3+ 0-1

[Event "*** SCC Grand Prix: Titled Tuesday Blitz"]
[Site "Chess.com"]
[Date "2020.06.23"]
[Round "2"]
[White "Pavel_Mir"]
[Black "platy3"]
[Result "0-1"]
[WhiteElo "2342"]
[BlackElo "2775"]
[TimeControl "180+1"]
[EndTime "10:16:13 PDT"]
[Termination "platy3 won by checkmate"]

1. e4 c5 2. Nf3 d6 3. d4 cxd4 4.
Nxd4 Nf6 5. Nc3 Nc6 6. f4 e6 7.
Nxc6 bxc6 8. Bd3 d5 9. e5 Nd7 10. O-O g6 11. Kh1 Bg7 12. b4 a5 13. b5 c5 14. a4 Nb6 15. Ba3 Qc7 16. Qf3 Bb7 17.
Qf2 Rc8 18. Rae1 O-O 19. Qg3 Rfd8 20. Bc1 c4 21. Be2 d4 22. Nd1 d3 23. Bf3 d2 24.
Bxd2 Rxd2 25. Bxb7 Qxb7 26. Qc3 Qxg2# 0-1

[Event "*** SCC Grand Prix: Titled Tuesday Blitz"]
[Site "Chess.com"]
[Date "2020.06.23"]
[Round "2"]
[White "dawtonlms"]
[Black "temus_galaktionov"]
[Result "1-0"]
[WhiteElo "2396"]
[BlackElo "2690"]
[TimeControl "180+1"]
[EndTime "10:16:14 PDT"]
[Termination "dawtonlms won by resignation"]

1. e4 c6 2. d4 g6 3. c4 Bg7 4. Nc3 d6 5. Be3 Nd7 6. Qd2 e5 7. Nge2 Ngf6 8. f3 O-O 9. h4 Ne8 10. g4 f5 11. gxf5 gxf5 12. Bg5 Ndf6 13. dxe5 h6 14. exf6 hxg5 15. fxg7 Nxg7 16. Qxg5 Qb6 17. Rg1 Rf7 18. O-O-O Kf8 19. h5 Ne6 20. Qg8+ Ke7 21. Qg3 f4 22. Qh4+ Kd7 23. Kb1 Kc7 24. Bh3 Qe3 25.
Bg4 Bd7 26. h6 Rh8 27. Rge1 Rfh7 28. Nd4 Rxh6 29. Nxe6+ Bxe6 30. Qxh6 Rxh6 31. Rxe3 fxe3 32. Bxe6 Rxe6 33. Re1 d5 34. cxd5 cxd5 35. Nxd5+ Kd6 36.
Rxe3 Ke5 37. f4+ Kd4 38. Re1 Kd3 39. f5 Re8 40. f6 Kd2 41. Re3 1-0

[Event "*** SCC Grand Prix: Titled Tuesday Blitz"]
[Site "Chess.com"]
[Date "2020.06.23"]
[Round "2"]
[White "AndrewDGreen"]
[Black "tapu2"]
[Result "0-1"]
[WhiteElo "2323"]
[BlackElo "2616"]
[TimeControl "180+1"]
[EndTime "10:16:14 PDT"]
[Termination "tapu2 won by resignation"]

1. e4 Nf6 2. e5 Nd5 3. d4 d6 4. exd6 cxd6 5. Nf3 g6 6. Bc4 Nb6 7. Bb3 Bg7 8. c3 O-O 9. O-O Nc6 10. Re1 Qc7 11.
h3 e5 12. Na3 a6 13. Bg5 h6 14. Bh4 Kh7 15. Bg3 f5 16. dxe5 dxe5 17. Qe2 f4 18. Bh2 Bf5 19. Nh4 Rae8 20. Nxf5 gxf5 21. Bxf4 exf4 22.
Qxe8 Rxe8 23. Rxe8 Ne7 24. Re1 Bf6 25. Re6 Kg7 26.
h4 Nbc8 27. h5 Qd7 28. R8xe7+ Nxe7 0-1

[Event "*** SCC Grand Prix: Titled Tuesday Blitz"]
[Site "Chess.com"]
[Date "2020.06.23"]
[Round "2"]
[White "hectorfiori"]
[Black "novendrapriasmoro"]
[Result "0-1"]
[WhiteElo "2321"]
[BlackElo "2606"]
[TimeControl "180+1"]
[EndTime "10:16:14 PDT"]
[Termination "novendrapriasmoro won by resignation"]

1. e4 c5 2. Nf3 Nc6 3. d4 cxd4 4. Nxd4 g6 5. c4 Bg7 6. Be3 Nf6 7. Nc3 O-O 8. Be2 d6 9. O-O Bd7 10. Qd2 Nxd4 11.
Bxd4 Bc6 12. Bd3 Nd7 13. Bxg7 Kxg7 14. Rae1 a5 15. b3 Qb6 16. Kh1 Nc5 17. Bc2 Kg8 18. f4 Rad8 19. f5 Nd7 20. Re3 Qc5 21. Rh3 Qe5 22. f6 Nxf6 23. Qh6 Bd7 24. Rg3 Nh5 25.
Rg5 Qxc3 26. Rxh5 gxh5 0-1

[Event "*** SCC Grand Prix: Titled Tuesday Blitz"]
[Site "Chess.com"]
[Date "2020.06.23"]
[Round "2"]
[White "Andrii_Prydun"]
[Black "AungTZ"]
[Result "1-0"]
[WhiteElo "2388"]
[BlackElo "2078"]
[TimeControl "180+1"]
[EndTime "10:16:14 PDT"]
[Termination "Andrii_Prydun won by resignation"]

1. d4 Nf6 2. Nc3 d5 3. Bf4 e6 4.
Nb5 Na6 5. e3 c6 6. Nc3 Nc7 7.
a3 Bd6 8. Bd3 O-O 9. Nf3 b6 10.
O-O Bb7 11. Ne5 c5 12. Bg3 c4 13. Be2 a6 14. f4 b5 15. Bh4 Be7 16. f5 exf5 17.
Rxf5 a5 18. Qf1 b4 19. axb4 axb4 20. Rxa8 Bxa8 21. Na4 Ne4 22. Nxf7 Bxh4 23. Nxd8 Bf2+ 24. Rxf2 Rxf2 25. Qxf2 Nxf2 26. Kxf2 Kf8 27. Nb6 Ke7 28. Nxa8 Kxd8 29. Nxc7 Kxc7 30. Bf3 Kd6 31. c3 1-0

[Event "*** SCC Grand Prix: Titled Tuesday Blitz"]
[Site "Chess.com"]
[Date "2020.06.23"]
[Round "2"]
[White "DonPreuss"]
[Black "LogoCzar"]
[Result "0-1"]
[WhiteElo "2197"]
[BlackElo "2436"]
[TimeControl "180+1"]
[EndTime "10:16:18 PDT"]
[Termination "LogoCzar won by resignation"]

1. d4 d5 2. e4 dxe4 3. Nc3 c5 4.
d5 Nf6 5. Bb5+ Nbd7 6. f3 exf3 7. Nxf3 a6 8. Be2 g6 9. O-O Bg7 10. Qe1 b5 11. Qh4 b4 12. Bh6 Bxh6 13. Qxh6 bxc3 14.
Ng5 Bb7 15. Bc4 Ne5 16. Rae1 Nxc4 17. Qg7 Rf8 18. Rxf6 Qxd5 19. Nf3 O-O-O 20. Rf4 e5 21. Rf6 cxb2 0-1

[Event "*** SCC Grand Prix: Titled Tuesday Blitz"]
[Site "Chess.com"]
[Date "2020.06.23"]
[Round "2"]
[White "Dmitry_Konenkin"]
[Black "dodorox"]
[Result "1-0"]
[WhiteElo "2382"]
[BlackElo "2030"]
[TimeControl "180+1"]
[EndTime "10:16:20 PDT"]
[Termination "Dmitry_Konenkin won by resignation"]

1. d4 Nf6 2. Bg5 Ne4 3. Bh4 d5 4. f3 Nd6 5. Nc3 c6 6. e4 Qa5 7. Qd2 g6 8. O-O-O Bg7 9. Kb1 Nc4 10. Bxc4 dxc4 11. Bxe7 b5 12. a3 Bb7 13. Qg5 Nd7 14.
Bd6 f6 15. Qg4 O-O-O 16. e5 f5 17. Qg5 Nf8 18. Qe7 Rd7 19. Qh4 Ne6 20. Nge2 g5 21.
Qh3 f4 22. Qxe6 1-0

[Event "*** SCC Grand Prix: Titled Tuesday Blitz"]
[Site "Chess.com"]
[Date "2020.06.23"]
[Round "2"]
[White "Parhamov"]
[Black "Manukyan_Artak"]
[Result "1-0"]
[WhiteElo "3058"]
[BlackElo "2348"]
[TimeControl "180+1"]
[EndTime "10:16:21 PDT"]
[Termination "Parhamov won by resignation"]

1. d4 e6 2. e4 d5 3. Nc3 Nf6 4.
e5 Nfd7 5. f4 c5 6. Nf3 Nc6 7. Be3 a5 8. Qd2 a4 9. a3 g6 10. h4 h5 11. dxc5 Nxc5 12. O-O-O Qa5 13. Ng5 Bd7 14. Nb5 Qxd2+ 15. Rxd2 Rc8 16. Kb1 Na5 17. Bd4 Ne4 18. Nxe4 dxe4 19. Bb6 Nc4 20. Bxc4 Rxc4 21. Nc7+ Ke7 22. Rhd1 Bc6 23. b3 axb3 24. cxb3 e3 25. Bxe3 Be4+ 26. Kb2 Rxc7 27. Bc5+ Rxc5 28. Rd7+ Ke8 29.
Rd8+ 1-0

[Event "*** SCC Grand Prix: Titled Tuesday Blitz"]
[Site "Chess.com"]
[Date "2020.06.23"]
[Round "2"]
[White "THE_PLAYER6"]
[Black "PauloCesarCosta_sad"]
[Result "1-0"]
[WhiteElo "2465"]
[BlackElo "2264"]
[TimeControl "180+1"]
[EndTime "10:16:23 PDT"]
[Termination "THE_PLAYER6 won by checkmate"]

1. d4 d5 2. c4 c6 3. Nf3 e6 4. e3 Nd7 5. b3 Ngf6 6. Nbd2 Bd6 7. Bd3 O-O 8. Bb2 Qe7 9. Ne5 dxc4 10. Ndxc4 Bxe5 11. dxe5 Qb4+ 12. Qd2 Qxd2+ 13. Kxd2 Ng4 14. Ke2 b5 15. Nd6 Ngxe5 16. Be4 f5 17. f4 fxe4 18. fxe5 Nc5 19. Ba3 Nd3 20. Nxe4 b4 21. Kxd3 bxa3 22. Nc5 Rf2 23. Rhf1 Rxg2 24. Kc3 a5 25. Rad1 Ba6 26. Nxa6 Rxa6 27. Rd8# 1-0

[Event "*** SCC Grand Prix: Titled Tuesday Blitz"]
[Site "Chess.com"]
[Date "2020.06.23"]
[Round "2"]
[White "cukin84"]
[Black "Makswolf200817"]
[Result "0-1"]
[WhiteElo "2154"]
[BlackElo "2407"]
[TimeControl "180+1"]
[EndTime "10:16:25 PDT"]
[Termination "Makswolf200817 won by resignation"]

1. e4 e6 2. d4 d5 3. Nc3 Bb4 4. exd5 exd5 5. Bd3 Nf6 6. Bg5 O-O 7. Ne2 h6 8. Bh4 g5 9. Bg3 Ne4 10. O-O f5 11.
Be5 Nc6 12. f3 Nxe5 13. dxe5 Bc5+ 14. Kh1 Nf2+ 15. Rxf2 Bxf2 16. b3 Be6 17. Qf1 Bb6 18. Na4 Qe7 19. Rd1 c5 20. f4 c4 21. bxc4 dxc4 22.
fxg5 cxd3 23. cxd3 hxg5 24. d4 Rad8 25. Nxb6 axb6 26.
Qf3 Bxa2 27. Ng3 f4 28. Ne4 Bd5 29. h4 Bxe4 30. Qxe4 Qh7 0-1

[Event "*** SCC Grand Prix: Titled Tuesday Blitz"]
[Site "Chess.com"]
[Date "2020.06.23"]
[Round "2"]
[White "Abund"]
[Black "Azerichess"]
[Result "0-1"]
[WhiteElo "2609"]
[BlackElo "3040"]
[TimeControl "180+1"]
[EndTime "10:16:27 PDT"]
[Termination "Azerichess won by resignation"]

1. d4 d5 2. c4 c5 3. cxd5 Qxd5 4. Nf3 cxd4 5. Nc3 Qa5 6. Nxd4 Nf6 7. g3 e5 8. Nb3 Qc7 9. Bg2 Bb4 10. O-O Bxc3 11.
bxc3 O-O 12. Qc2 Be6 13. Rd1 Rc8 14. Bg5 Nbd7 15. Na5 Qxa5 16. Bxb7 h6 17. Bxf6 Nxf6 18. Bxa8 Rxa8 19. Qb2 Rc8 20. Rdc1 Ne4 21. Qb4 Qd5 22.
a4 Ng5 23. f3 Qd2 24. Kf2 Nh3+ 25. Kf1 Qe3 26. Kg2 Qxe2+ 0-1

[Event "*** SCC Grand Prix: Titled Tuesday Blitz"]
[Site "Chess.com"]
[Date "2020.06.23"]
[Round "2"]
[White "AleksibFan"]
[Black "VMikhalevski"]
[Result "0-1"]
[WhiteElo "2509"]
[BlackElo "2777"]
[TimeControl "180+1"]
[EndTime "10:16:28 PDT"]
[Termination "VMikhalevski won by resignation"]

1. d4 Nf6 2. Bg5 Ne4 3. Bf4 c5 4. f3 Qa5+ 5. c3 Nf6 6. d5 Qb6 7. b3 g6 8. e4 d6 9. c4 Bg7 10. Nc3 O-O 11. Qd2 Re8 12. Nge2 e6 13. Ng3 h5 14. h4 exd5 15. cxd5 Nbd7 16. Be2 Ne5 17. O-O a6 18. Kh1 Bd7 19. Rac1 Qa5 20. Bg5 b5 21. Bxf6 Bxf6 22. f4 Ng4 23. Bxg4 Bxg4 24. e5 dxe5 25.
Nce4 Qxd2 0-1

[Event "*** SCC Grand Prix: Titled Tuesday Blitz"]
[Site "Chess.com"]
[Date "2020.06.23"]
[Round "2"]
[White "Ladislav1969"]
[Black "murtas73"]
[Result "0-1"]
[WhiteElo "2326"]
[BlackElo "2638"]
[TimeControl "180+1"]
[EndTime "10:16:29 PDT"]
[Termination "murtas73 won by resignation"]

1. e4 c5 2. d4 cxd4 3. c3 dxc3 4.
Nxc3 e6 5. Nf3 Nc6 6. Bc4 a6 7. O-O Nge7 8. Be3 Ng6 9. a4 Be7 10.
Nd4 O-O 11. f4 Qc7 12. Rc1 d6 13. f5 Nxd4 14. Qxd4 Bf6 15. Qd2 Ne5 16. Bb3 Qe7 17. Rfd1 Rd8 18. Bb6 Re8 19. fxe6 Bxe6 20. Bxe6 fxe6 21.
Qxd6 Qxd6 22. Rxd6 Nc4 23. Rcd1 Nxb2 24. R1d4 Rac8 25. Ne2 Nc4 26. e5 Bxe5 0-1

[Event "*** SCC Grand Prix: Titled Tuesday Blitz"]
[Site "Chess.com"]
[Date "2020.06.23"]
[Round "2"]
[White "12teen"]
[Black "Gerodot71"]
[Result "1-0"]
[WhiteElo "2678"]
[BlackElo "2416"]
[TimeControl "180+1"]
[EndTime "10:16:32 PDT"]
[Termination "12teen won by resignation"]

1. g3 d5 2. Bg2 e5 3. d3 c6 4. Nc3 Nf6 5. Bd2 Nbd7 6. e4 Bb4 7. exd5 Bxc3 8. Bxc3 cxd5 9. Nf3 d4 10. Bb4 Qb6 11.
Ba3 Qa5+ 12. Qd2 Qxd2+ 13. Nxd2 Rb8 14. Bd6 Ra8 15. O-O Kd8 16. Rfe1 Re8 17. Nc4 Re6 18. Bxe5 Nxe5 19. Nxe5 Bd7 20. Nxf7+ Kc7 21. Ne5 Rae8 22. Nf3 Rd6 23. Rxe8 Bxe8 24. Re1 Kd8 25. Ne5 Rb6 26. Nc4 Ra6 27. a3 b5 28. Nd2 Rd6 29. Nb3 Rd7 30. Nc5 Rf7 31. Ne6+ Kc8 32. Nxd4 Rc7 33. c3 Rd7 34.
Bh3 1-0

[Event "*** SCC Grand Prix: Titled Tuesday Blitz"]
[Site "Chess.com"]
[Date "2020.06.23"]
[Round "2"]
[White "Beca95"]
[Black "Azatic"]
[Result "1-0"]
[WhiteElo "2883"]
[BlackElo "2560"]
[TimeControl "180+1"]
[EndTime "10:16:33 PDT"]
[Termination "Beca95 won by resignation"]

1. g3 c5 2. Bg2 g6 3. e3 Bg7 4. d4 cxd4 5. exd4 Nf6 6. c3 O-O 7.
Nf3 d6 8. O-O Nc6 9. a4 e5 10. Na3 e4 11. Ne1 Re8 12. Bg5 h6 13. Bxf6 Bxf6 14. Nec2 d5 15. f3 exf3 16. Qxf3 Bf5 17.
Ne3 Nxd4 18. Qf2 Rxe3 19. Qxe3 Nb3 20. Rad1 d4 21. Qf3 Qb6 22. Kh1 dxc3 23. bxc3 h5 24. Nc4 Qc6 25. Qxc6 bxc6 26. Ne3 Re8 27. Nxf5 gxf5 28.
Bxc6 Bg7 29. Bxe8 1-0

[Event "*** SCC Grand Prix: Titled Tuesday Blitz"]
[Site "Chess.com"]
[Date "2020.06.23"]
[Round "2"]
[White "Thipsay"]
[Black "Rud_Makarian"]
[Result "1/2-1/2"]
[WhiteElo "2473"]
[BlackElo "2687"]
[TimeControl "180+1"]
[EndTime "10:16:33 PDT"]
[Termination "Game drawn by agreement"]

1. e4 e5 2. Nf3 Nc6 3. Bb5 Nf6 4. O-O Nxe4 5. Re1 Nd6 6. Nxe5 Be7 7. Nc3 Nxe5 8.
Rxe5 O-O 9. Bd3 Bf6 10. Re2 c6 11. b3 Re8 12. Bb2 g6 13. Qf1 Rxe2 14. Qxe2 Ne8 15. Re1 Kf8 16. Ba3+ d6 17. Ne4 Be7 18. Bb2 Be6 19. Qe3 d5 20. Nc5 Bc8 21. Qh6+ Kg8 22. Qe3 Kf8 23. Qh6+ Kg8 24. Qe3 1/2-1/2

[Event "*** SCC Grand Prix: Titled Tuesday Blitz"]
[Site "Chess.com"]
[Date "2020.06.23"]
[Round "2"]
[White "londonkid"]
[Black "alexrustemov"]
[Result "0-1"]
[WhiteElo "2340"]
[BlackElo "2741"]
[TimeControl "180+1"]
[EndTime "10:16:33 PDT"]
[Termination "alexrustemov won by resignation"]

1. d4 d5 2. c4 c6 3. cxd5 cxd5 4. Nf3 Nf6 5. Nc3 Nc6 6. Bf4 Nh5 7. Bg5 h6 8. Bh4 g5 9. Bg3 Nxg3 10. hxg3 e6 11. e3 Bd7 12. Bd3 Bg7 13. a3 Qe7 14. Rc1 Rc8 15.
Na4 O-O 16. O-O b6 17. b4 g4 18. Nd2 h5 19. f3 e5 20. b5 Na5 21. Rxc8 Rxc8 22. dxe5 Qxa3 23. Nb1 Qb3 24. Qxb3 Nxb3 25.
f4 Nc1 26. Rd1 Nxd3 0-1

[Event "*** SCC Grand Prix: Titled Tuesday Blitz"]
[Site "Chess.com"]
[Date "2020.06.23"]
[Round "2"]
[White "allvim"]
[Black "Yuri202062"]
[Result "1-0"]
[WhiteElo "2213"]
[BlackElo "2413"]
[TimeControl "180+1"]
[EndTime "10:16:34 PDT"]
[Termination "allvim won on time"]

1. e4 c5 2. Nf3 e6 3. d4 cxd4 4. Nxd4 a6 5. Nc3 d6 6. Be2 Nf6 7. O-O Be7 8. Be3 Nc6 9. Kh1 O-O 10. f4 Nxd4 11. Bxd4 b5 12. Bf3 Bb7 13. a3 Qc7 14.
Qe1 Bc6 15. Rd1 a5 16. e5 dxe5 17. Bxe5 Qb7 18. f5 b4 19. axb4 1-0

[Event "*** SCC Grand Prix: Titled Tuesday Blitz"]
[Site "Chess.com"]
[Date "2020.06.23"]
[Round "2"]
[White "GMMatamoros"]
[Black "Shield12"]
[Result "0-1"]
[WhiteElo "2543"]
[BlackElo "2835"]
[TimeControl "180+1"]
[EndTime "10:16:36 PDT"]
[Termination "Shield12 won by resignation"]

1. c4 e6 2. g3 d5 3. Bg2 Nf6 4. Nf3 Be7 5. O-O O-O 6. b3 c5 7. cxd5 Nxd5 8. Bb2 Nc6 9. d4 cxd4 10. Nxd4 Bd7 11.
Na3 Nxd4 12. Qxd4 Bf6 13. Qd2 Bxb2 14. Qxb2 Qe7 15. Nc4 Rfd8 16. Rfd1 Bb5 17. Bxd5 exd5 18. Ne3 d4 19. Rxd4 Rxd4 20. Nf5 Qe5 21. Nxd4 Rd8 22. e3 Bc6 23. Rd1 Qe4 24. Kf1 Qh1+ 25. Ke2 Bf3+ 0-1

[Event "*** SCC Grand Prix: Titled Tuesday Blitz"]
[Site "Chess.com"]
[Date "2020.06.23"]
[Round "2"]
[White "pedromartinez91"]
[Black "kuban1991"]
[Result "0-1"]
[WhiteElo "2498"]
[BlackElo "2727"]
[TimeControl "180+1"]
[EndTime "10:16:37 PDT"]
[Termination "kuban1991 won by resignation"]

1. e4 e6 2. d4 d5 3. Nd2 c5 4.
exd5 exd5 5. Ngf3 Nc6 6. Bb5 Bd6 7. dxc5 Bxc5 8. O-O Ne7 9. Nb3 Bb6 10. Bg5 O-O 11. c3 Bg4 12. Be2 Qd6 13. Bh4 Nf5 14. Bg3 Nxg3 15. hxg3 Qxg3 16. Nfd4 Bxe2 17. fxg3 Bxd1 18.
Raxd1 Nxd4 19. Nxd4 Rfe8 20. Rfe1 Re6 21. Rxe6 fxe6 22.
Kf1 Bxd4 23. Rxd4 Kf7 24. Rb4 b6 25. Ke2 e5 26. a4 Rc8 27. a5 Rc6 28. Ke3 Ke6 29.
Rb5 Rc5 30. Rxc5 bxc5 31. b4 cxb4 32. cxb4 Kd6 33. b5 Kc5 34. b6 axb6 35. a6 Kc6 36. a7 Kb7 0-1